 Dungeon Crawl Stone Soup version 0.18.1-48-g4cf74bf (webtiles) character file.

77 matakusis the Caller (level 4, -8/24 HPs)
             Began as a Deep Elf Summoner on June 30, 2016.
             Killed by divine providence
             ... invoked by an orc priest
              (13 damage)
             ... on level 3 of the Dungeon.
             The game lasted 00:12:56 (2019 turns).

matakusis the Caller (Deep Elf Summoner)            Turns: 2019, Time: 00:12:57

Health: -8/24      AC:  4    Str:  5    XL:     4   Next: 13%
Magic:  5/12       EV: 13    Int: 21    God:
Gold:   81         SH:  0    Dex: 15    Spells: 4 memorised, 0 levels left

rFire  . . .     SeeInvis .     n - +0 spear
rCold  . . .     Gourm    .     a - +0 robe
rNeg   . . .     Faith    .     (no shield)
rPois  .         Spirit   .     r - +1 helmet
rElec  .         Dismiss  .     (no cloak)
rCorr  .         Reflect  .     (no gloves)
SustAt +         Harm     .     (no boots)
MR     .....                    (no amulet)
Stlth  ++........               (no ring)
                                k - ring of sustain attributes

@: very slightly contaminated, not resistant to hostile enchantments, unstealthy
A: no striking features
a: no special abilities


You were on level 3 of the Dungeon.
You were not hungry.

You visited 1 branch of the dungeon, and saw 3 of its levels.

You collected 81 gold pieces.

Inventory:

Hand Weapons
 n - a +0 spear (weapon)
Missiles
 q - 6 silver javelins (quivered)
Armour
 a - a +0 robe (worn)
 r - a +1 helmet (worn)
Jewellery
 k - a ring of sustain attributes (left hand)
Scrolls
 d - a scroll of teleportation
 e - a scroll of identify
 f - a scroll of random uselessness {unknown}
 g - a scroll of amnesia
 t - a scroll of noise {unknown}
 u - a scroll of enchant armour {unknown}
Potions
 i - a potion of invisibility
 j - a potion of haste
 o - a potion of curing {unknown}
 p - 3 potions of agility
 s - a potion of might {unknown}
Books
 b - a book of Callings

   Spells                             Type                      Level
   a - Summon Small Mammal            Summoning                    1
   b - Call Imp                       Summoning                    2
   c - Call Canine Familiar           Summoning                    3
   d - Summon Guardian Golem          Hexes/Summoning              3
   e - Summon Lightning Spire         Summoning/Air                4
   f - Summon Ice Beast               Ice/Summoning                4
Comestibles
 c - 2 bread rations
 h - a meat ration
 l - 2 fruits
 m - 4 chunks of flesh


   Skills:
 - Level 2.4 Dodging
 - Level 2.4 Stealth
 + Level 4.1 Spellcasting
 * Level 5.7 Summonings


You couldn't memorise any spells.
You knew the following spells:

 Your Spells              Type           Power        Failure   Level  Hunger
a - Summon Small Mammal   Summ           ####         1%          1    None
b - Call Imp              Summ           ####....     1%          2    #......
c - Summon Lightning Spi  Summ/Air       ###.....     41%         4    ####...
d - Summon Ice Beast      Ice/Summ       ###.....     41%         4    ####...


Dungeon Overview and Level Annotations

Branches:
Dungeon (3/15)

Altars:
Cheibriados


Message History

You miscast Summon Lightning Spire.
Nothing appears to happen.
The orc completely misses you.
Your white imp hits the orc.
Your white imp freezes the orc.
The orc hits your white imp with a club.
The orc hits your white imp with an enchanted trident.
Your white imp hits the orc but does no damage.
The orc priest calls down the wrath of Beogh upon you.
Beogh smites you!
Ouch! That really hurt!
* * * LOW HITPOINT WARNING * * *
The orc hits your white imp but does no damage.
Your white imp hits the orc.
The orc dies!
Your white imp closely misses the orc.
Drink which item? (? for menu, Esc to quit)
Okay, then.
The orc priest mumbles some strange prayers to Beogh against you.
Beogh smites you!
Ouch! That really hurt!
You die...

........### #.รท### ..
..........# #####5##
#.......##...## ##.<...#
#........##...###..###########
#...#.......#.#...## #.>...
.#...##....#.......## #.....
#.#...##..........#..######.....
#.##....#....#...........##......
.##...........#.@.#......##......
##........o)#.#.###..............
#(..........#.[..##..........####
.......)...5##(...#............##
...........o##5##.#..........#..#
.............#.##........#.......
.............o........)..........
...............##......###......#
..........##..##.......###......#


You could see an orc priest and a friendly white imp.

Vanquished Creatures
  2 bats
  3 goblins
  2 hobgoblins (D:1)
  A ball python (D:3)
  A rat (D:2)
9 creatures vanquished.

Vanquished Creatures (collateral kills)
  An orc priest (D:3)
  The ghost of Biabri the Conjurer, a weakling DECj (D:3)
  2 adders
  4 worms
  3 dart slugs
  2 giant geckos
  An orc (D:3)
  A ball python (D:3)
  8 bats
  5 goblins
  4 hobgoblins
  3 quokkas
  3 giant newts (D:2)
  4 kobolds
  4 rats
46 creatures vanquished.

Vanquished Creatures (others)
  A plant (D:1)
1 creature vanquished.

Grand Total: 56 creatures vanquished

Notes
Turn   | Place    | Note
--------------------------------------------------------------
     0 | D:1      | matakusis the Deep Elf Summoner began the quest for the Orb.
     0 | D:1      | Reached XP level 1. HP: 10/10 MP: 6/6
   246 | D:1      | Reached XP level 2. HP: 9/15 MP: 4/8
   250 | D:1      | Learned a level 2 spell: Call Imp
   661 | D:2      | Reached skill level 5 in Summonings
   796 | D:2      | Reached XP level 3. HP: 13/19 MP: 7/9
  1508 | D:3      | Noticed Biabri's ghost (weakling DECj)
  1593 | D:3      | Killed Biabri's ghost
  1780 | D:3      | Found a snail-covered altar of Cheibriados.
  1972 | D:3      | Reached XP level 4. HP: 24/24 MP: 7/12
  1984 | D:3      | Learned a level 4 spell: Summon Lightning Spire
  1989 | D:3      | Learned a level 4 spell: Summon Ice Beast
  2019 | D:3      | Killed from afar by an orc priest

Skill      XL: |  1  2  3 |
---------------+----------+-----
Summonings     | 5 |  5.7
Spellcasting   | 4 |  4.1
Dodging        | |  2.4
Stealth        | |  2.4

Action                   |  1- 3 |  4- 6 || total
-------------------------+-------+-------++-------
Melee: Dagger            |    43 |       ||    43
       Unarmed           |     1 |       ||     1
       Spear             |     5 |       ||     5
 Cast: Summon Small Mamm |    19 |       ||    19
       Call Imp          |    53 |       ||    53
  Use: Scroll            |     6 |       ||     6
       Potion            |     3 |       ||     3
 Stab: Sleeping          |     2 |       ||     2
  Eat: Chunk             |     6 |       ||     6
Armor: Robe              |    26 |       ||    26
Dodge: Dodged            |    49 |     1 ||    50
